 Dungeon Crawl Stone Soup version 0.26.0-45-g9c1d065592 (webtiles) character file.

Game seed: 11490002293346057956

284 oldmanjim the Bolt Thrower (level 6, -5/56 HPs)
             Began as a Minotaur Hunter on Jan 30, 2021.
             Slain by a gnoll
             ... wielding a +0 spear
              (7 damage)
             ... on level 4 of the Dungeon.
             The game lasted 00:18:15 (3827 turns).

oldmanjim the Bolt Thrower (Minotaur Hunter)        Turns: 3827, Time: 00:18:16

Health: -5/56      AC:  7    Str: 18    XL:     6   Next: 7%
Magic:  5/5        EV: 11    Int:  8    God:
Gold:   215        SH:  0    Dex: 11    Spells: 5/5 levels left

rFire    . . .     SeeInvis .   a - +0 short sword
rCold    . . .     Faith    .   (no shield)
rNeg     + . .     Spirit   .   m - +0 ring mail
rPois    .         Reflect  .   j - +2 hat
rElec    .         Harm     .   (no cloak)
rCorr    .         Rampage  .   (no gloves)
Will     .....                  (no boots)
Stlth    +.........             k - amulet of the acrobat
HPRegen  0.18/turn              r - ring of positive energy
MPRegen  0.09/turn              (no ring)

@: no status effects
A: retaliatory headbutt, horns 2
a: no special abilities


You were on level 4 of the Dungeon.
You visited 1 branch of the dungeon, and saw 4 of its levels.

You collected 215 gold pieces.

Inventory:

Hand Weapons
 a - a +0 short sword (weapon)
 b - a +3 arbalest of flaming
 s - a +0 great sword of venom
 A - a +1 hand crossbow
Missiles
 d - 20 bolts
 v - 20 poisoned darts (quivered)
Armour
 c - a +0 leather armour
 j - a +2 hat (worn)
 m - a +0 ring mail (worn)
 w - a +0 chain mail
Jewellery
 k - an amulet of the acrobat (around neck)
 r - a ring of positive energy (left hand)
Scrolls
 e - 2 scrolls of teleportation
 f - a scroll of blinking
 g - a scroll of fog {unknown}
 l - a scroll of enchant armour {unknown}
 o - a scroll of fear {unknown}
 q - a scroll of identify
 t - a scroll of random uselessness {unknown}
 u - a scroll of remove curse
 x - a scroll of enchant weapon {unknown}
 y - 2 scrolls of immolation
Potions
 h - 3 potions of curing
 i - a potion of invisibility {unknown}
 n - 2 potions of heal wounds {unknown}
 p - a potion of berserk rage {unknown}


   Skills:
 + Level 5.5 Fighting
 + Level 6.2 Crossbows
 - Level 3.0 Dodging
 - Level 0.7 Stealth


You had 5 spell levels left.
You didn't know any spells.
Your spell library was empty.

Dungeon Overview and Level Annotations

Branches:
Dungeon (4/15)
 Temple: D:4-7

Altars:
Cheibriados
Qazlal
Ru
The Shining One


Innate Abilities, Weirdness & Mutations

You reflexively headbutt those who attack you in melee.
You have a pair of horns on your head.


Message History

The gnoll hits you with a +0 spear!
* * * LOW HITPOINT WARNING * * *
You closely miss the gnoll.
The gnoll is heavily wounded.
The gnoll hits you but does no damage.
You hit the gnoll.
The gnoll is heavily wounded.
The gnoll hits you with a +0 spear.
* * * LOW HITPOINT WARNING * * *
You hit the gnoll.
The gnoll is severely wounded.
The gnoll hits you but does no damage.
You hit the gnoll but do no damage. Your headbutt misses the gnoll.
The gnoll is severely wounded.
The gnoll hits you with a +0 spear.
* * * LOW HITPOINT WARNING * * *
You closely miss the gnoll.
The gnoll is severely wounded.
The gnoll hits you with a +0 spear!
You die...

### #<### ########.#..
#......#.#.#
#.####[#.#.# #.# #.#.#.#
#.# #...#.#
########.########g#####.
...............)@>......
############.###########
)..# .....# #......#
#......# ######.# #.#


You could see a gnoll.

Vanquished Creatures
  An ogre (D:2)
  Jessica (D:3)
  3 gnolls (D:4)
  4 adders
  An ooze (D:3)
  3 worms (D:3)
  A dart slug (D:2)
  6 leopard geckos
  An orc (D:3)
  A ball python (D:2)
  14 bats
  3 giant cockroaches (D:1)
  13 goblins
  9 hobgoblins
  4 jackals
  3 quokkas (D:3)
  2 frilled lizards (D:2)
  8 kobolds
  8 rats
86 creatures vanquished.

Notes
Turn   | Place    | Note
-------+----------+-------------------------------------------
     0 | D:1      | oldmanjim the Minotaur Hunter began the quest for the Orb.
     0 | D:1      | Reached XP level 1. HP: 18/18 MP: 0/0
   314 | D:1      | Reached XP level 2. HP: 24/25 MP: 1/1
  1022 | D:1      | Reached XP level 3. HP: 30/31 MP: 2/2
  1150 | D:2      | Noticed an ogre
  1168 | D:2      | Killed an ogre
  1169 | D:2      | Reached skill level 5 in Crossbows
  1169 | D:2      | Reached XP level 4. HP: 36/41 MP: 3/3
  1383 | D:2      | Reached XP level 5. HP: 45/47 MP: 4/4
  2286 | D:3      | Reached skill level 5 in Fighting
  2686 | D:3      | Found a snail-covered altar of Cheibriados.
  2688 | D:3      | Found a stormy altar of Qazlal.
  2688 | D:3      | Found a glowing golden altar of the Shining One.
  2746 | D:3      | Found a sacrificial altar of Ru.
  2770 | D:3      | Noticed Jessica
  2776 | D:3      | Killed Jessica
  2777 | D:3      | Reached skill level 6 in Crossbows
  3805 | D:4      | Reached XP level 6. HP: 56/56 MP: 5/5
  3826 | D:4      | HP: 2/56 [gnoll/+0 spear (4)]
  3827 | D:4      | Slain by a gnoll

Illustrated notes

Levels and vault maps discovered:
D:1:      shiori_shiawase, layout_loops_ring, serial_co_window_serial,
          co_window_paths_a, co_window_corner_a, co_window_cross_1,
          co_window_corner_a, co_window_paths_b, co_window_corner_a,
          co_window_of_opportunity_a, co_window_corner_ca,
          co_window_of_opportunity_c, co_window_2corner,
          co_window_unsneaky_path_a, co_window_of_opportunity_c,
          chequers_mini_garden
D:2:      layout_loops_ring, minmay_increasing_density
D:3:      layout_loops_corners, grunt_temple_overflow_open, minmay_between,
          uniq_jessica
D:4:      layout_basic, serial_shops, shop_scrolls, supply_closet_lemuel,
          chequers_serial_rivers_small_b

Skill      XL: |  1  2  3  4  5 |
---------------+----------------+-----
Fighting       | 3 4 5 |  5.5
Crossbows      | 5 6 |  6.2
Dodging        | 3 |  3.0
Stealth        | |  0.7

Action                   |  1- 3 |  4- 6 || total
-------------------------+-------+-------++-------
Melee: Short sword       |    80 |   158 ||   238
       Headbutt          |    10 |    21 ||    31
Throw: Dart              |       |     8 ||     8
  Use: Scroll            |       |     6 ||     6
 Stab: Sleeping          |     3 |     4 ||     7
Armor: Leather armour    |    23 |    46 ||    69
       Ring mail         |       |    16 ||    16
Dodge: Dodged            |    56 |   106 ||   162
